 Dungeon Crawl Stone Soup version 0.30-a0-739-gea05faddec (webtiles) character file.

Game seed: 12517565512831793097

356 Anamonty the Trooper (level 6, -2/49 HPs)
             Began as a Barachi Hexslinger on Feb 4, 2023.
             Shot with an arrow by a centaur (5 damage)
             ... on level 5 of the Dungeon.
             The game lasted 00:05:49 (3063 turns).

Anamonty the Trooper (Barachi Hexslinger)           Turns: 3063, Time: 00:05:50

Health: -2/49      AC:  3    Str: 11    XL:     6   Next: 63%
Magic:  0/9        EV: 12    Int: 14    God:
Gold:   203        SH:  0    Dex: 14    Spells: 9/10 levels left

rFire   . . .      SeeInvis .    a - +1 sling (elec)
rCold   . . .      Faith    .    (no shield)
rNeg    . . .      Spirit   +    h - +0 leather armour {rPois}
rPois   +          Reflect  .    o - +0 hat
rElec   .          Harm     .    (no cloak)
rCorr   .          Rampage  .    (no gloves)
Will    .....                    (no boots)
Stlth   +                        d - amulet of guardian spirit
HPRegen 0.28/turn                (no ring)
MPRegen 0.11/turn                (no ring)

@: unable to hop, slow
A: amphibious, slowness 1, strong legs 1, +LOS
a: Hop


You were on level 5 of the Dungeon.
You visited 1 branch of the dungeon, and saw 5 of its levels.

You collected 203 gold pieces.

Inventory:

Hand Weapons
 a - a +1 sling of electrocution (weapon)
 l - a +2 short sword of draining
Armour
 h - a +0 leather armour of poison resistance (worn)
 o - a +0 hat (worn)
Jewellery
 d - an amulet of guardian spirit (around neck)
 w - a +6 ring of dexterity
Wands
 t - a wand of paralysis (3)
 v - a wand of acid (6)
Scrolls
 b - a scroll of poison
 c - a scroll of butterflies
 e - a scroll of torment
 f - 2 scrolls of brand weapon
 g - a scroll of magic mapping {unknown}
 i - a scroll of amnesia
 k - a scroll of immolation
 m - 3 scrolls of teleportation
 q - a scroll of enchant armour {unknown}
 s - 2 scrolls of fear {unknown}
 u - a scroll of silence {unknown}
Potions
 j - 3 potions of haste
 n - 2 potions of heal wounds
 p - 2 potions of curing
 r - a potion of magic {unknown}
 x - a potion of brilliance {unknown}
 z - a potion of might {unknown}


   Skills:
 * Level 4.4 Fighting
 * Level 3.8 Ranged Weapons
 + Level 3.4 Dodging
 + Level 2.5 Spellcasting
 + Level 4.2 Hexes


You had 9 spell levels left.
You knew the following spells:

 Your Spells              Type           Power      Damage    Failure   Level
a - Slow                  Hex            52%        N/A       4%          1

Your spell library contained the following spells:

 Spells                   Type           Power      Damage    Failure   Level
 Apportation              Tloc           2%         N/A       30%         1
 Sandblast                Erth           2%         2d4       30%         1
 Inner Flame              Hex/Fire       7%         N/A       36%         3
 Portal Projectile        Hex/Tloc       14%        N/A       36%         3
 Cigotuvi's Dreadful Rot  Necr/Pois/Air  2%         N/A       41%         2
 Passwall                 Tmut/Erth      0%         N/A       41%         2
 Cause Fear               Hex            6%         N/A       45%         4
 Ozocubu's Armour         Ice            1%         N/A       65%         3
 Stone Arrow              Conj/Erth      2%         3d7       65%         3
 Dispel Undead            Necr           1%         3d6       96%         4
 Metabolic Englaciation   Hex/Ice        3%         N/A       98%         5
 Alistair's Intoxication  Tmut/Pois      0%         N/A       100%        5
 Death Channel            Necr           0%         N/A       100%        6
 Simulacrum               Ice/Necr       0%         N/A       100%        6


Dungeon Overview and Level Annotations

Branches:
Dungeon (5/15)
 Temple: D:4-7

Altars:

Annotations:
D:4 3 runed translucent doors, bezhaha's ghost, amateur OgWr


Innate Abilities, Weirdness & Mutations

You are amphibious.
You cover ground slowly.
You can hop short distances.
You have an extended range of vision and can be seen from far away.


Message History

A centaur comes into view.
A centaur is nearby!
You shoot a sling bullet.
The sling bullet hits the centaur but does no damage.
The centaur shouts!
The centaur wields a +0 shortbow.
The centaur shoots an arrow.
The arrow closely misses you.
An iguana comes into view.
You shoot a sling bullet. The iguana hisses angrily.
The sling bullet hits the centaur.
The centaur is lightly wounded.
The centaur shoots an arrow.
The arrow hits you.
You shoot a sling bullet. The sling bullet hits the centaur.
The centaur is moderately wounded.
The centaur shoots an arrow.
The arrow closely misses you.
You shoot a sling bullet. The sling bullet hits the centaur.
The centaur is heavily wounded.
The centaur shoots an arrow.
The arrow hits you.
The centaur shoots an arrow.
The arrow hits you!
You shoot a sling bullet. The sling bullet hits the iguana.
The iguana is lightly wounded.
The centaur shoots an arrow.
The arrow closely misses you.
You shoot a sling bullet.
The sling bullet hits the iguana but does no damage.
Lightning courses through the iguana!
You kill the iguana!
The centaur shoots an arrow.
The arrow hits you!
The centaur shoots an arrow.
The arrow hits you!
Hop to where?
Press: ? - help, Dir - move target Boing!
The centaur shoots an arrow.
The arrow closely misses you.
The centaur shoots an arrow.
The arrow hits you!
* * * LOW HITPOINT WARNING * * *
The centaur shoots an arrow.
The arrow hits you!
* * * LOW HITPOINT WARNING * * *
There is a stone staircase leading up here.
The centaur shoots an arrow.
The arrow hits you.
You die...

....................
...................#
............c......#
...................#.
.....................
.....................
........................
.........................
................@........
.............^...........
......................#.#
......................#
......................#
......................#
......................#
......................#
....................#.#


You could see a centaur.

Vanquished Creatures
  A scorpion (D:4)
  A jelly (D:5)
  Ijyb (D:4)
  3 iguanas
  5 adders
  A white imp (D:5)
  4 dart slugs
  2 orcs
  13 bats
  3 endoplasms
  7 giant cockroaches
  12 goblins
  9 hobgoblins
  7 jackals
  5 kobolds
  5 quokkas
  11 ball pythons
  3 frilled lizards (D:1)
  4 rats
97 creatures vanquished.

Notes
Turn   | Place    | Note
-------+----------+-------------------------------------------
     0 | D:1      | Anamonty the Barachi Hexslinger began the quest for the
                  | Orb.
     0 | D:1      | Reached XP level 1. HP: 15/15 MP: 2/2
   141 | D:1      | Reached XP level 2. HP: 21/21 MP: 3/3
   622 | D:1      | Reached XP level 3. HP: 27/27 MP: 5/5
  1200 | D:2      | Reached XP level 4. HP: 27/34 MP: 3/6
  1765 | D:3      | Reached XP level 5. HP: 41/41 MP: 6/8
  1888 | D:3      | Found a faded altar of an unknown god.
  2398 | D:4      | Found a runed translucent gate.
  2398 | D:4      | Found a runed translucent gate.
  2398 | D:4      | Found a runed translucent gate.
  2398 | D:4      | Noticed bezhaha's ghost (amateur OgWr)
  2593 | D:4      | Reached XP level 6. HP: 36/48 MP: 9/9
  2663 | D:4      | Noticed Ijyb
  2690 | D:4      | Killed Ijyb
  2980 | D:5      | Entered Level 5 of the Dungeon
  3063 | D:5      | Shot with an arrow by a centaur

Illustrated notes

Levels and vault maps discovered:
D:1:      minmay_arrival_shattered_statue, layout_loops_ring,
          minmay_pentomino_x2
D:2:      layout_basic
D:3:      layout_basic, hellmonk_ecumenical_altar_pennies_from_heaven,
          roderic_batcave
D:4:      kennysheep_goblin_castle, layout_rooms, ebering_ghost_rock_garden
D:5:      layout_basic, chequers_serial_rivers_micro_d, minmay_fountain_box,
          minmay_a_box_with_orc_wizards_in_it

Skill      XL: |  1  2  3  4  5 |
---------------+----------------+-----
Fighting       | 2 3 4 |  4.4
Ranged Weapons | 3 |  3.8
Spellcasting   | 2 |  2.5
Dodging        | 3 |  3.4
Hexes          | 4 |  4.2

Action                     |  1- 3 |  4- 6 || total
---------------------------+-------+-------++-------
  Melee: Hand axe          |    11 |       ||    11
         Short sword       |       |     3 ||     3
   Fire: Sling             |   119 |   177 ||   296
   Cast: Slow              |     2 |       ||     2
Ability: Hop               |     2 |     5 ||     7
    Use: Scroll            |       |    10 ||    10
 Armour: Robe              |    17 |     3 ||    20
         Leather armour    |       |    13 ||    13
  Dodge: Dodged            |    53 |    61 ||   114

Table legend: (Time is in decaauts)
 A = Elapsed time spent in this place.
 B = Non-inter-level travel time spent in this place.
 C = Inter-level travel time spent in this place.
 D = Time resting spent in this place.
 E = Time spent auto-exploring this place.
 F = Levels seen in this place.
 G = Mean time per level.
                   A        B        C        D        E       F      G
               +--------+--------+--------+--------+--------+-----+--------+
         Total |   3587 |   3421 |    166 |      0 |   2740 |   5 |  717.4 |
       Dungeon |   3587 |   3421 |    166 |      0 |   2740 |   5 |  717.4 |
               +--------+--------+--------+--------+--------+-----+--------+

Top non-repeatable levels by time:
     D:1: 1067 daAuts
     D:2: 874 daAuts
     D:4: 856 daAuts
     D:3: 696 daAuts
     D:5: 92 daAuts
